 Dungeon Crawl Stone Soup version 0.21.1-1-g345015fe64 (webtiles) character file.

92 Lentor the Skirmisher (level 4, 0/50 HPs)
             Began as an Ogre Berserker on June 22, 2018.
             Was a Follower of Trog.
             Slain by Crazy Yiuf
             ... wielding a +3 quarterstaff of chaos
              (6 damage)
             ... on level 2 of the Dungeon.
             The game lasted 00:04:26 (1725 turns).

Lentor the Skirmisher (Ogre Berserker)              Turns: 1725, Time: 00:04:26

Health: 0/50       AC:  3    Str: 22    XL:     4   Next: 60%
Magic:  4/4        EV: 10    Int:  8    God:    Trog [*.....]
Gold:   150        SH:  0    Dex:  8    Spells: 3/3 levels left

rFire    . . .     SeeInvis .   a - +0 mace
rCold    + . .     Gourm    .   (no shield)
rNeg     . . .     Faith    .   b - +0 animal skin
rPois    .         Spirit   .   (helmet restricted)
rElec    .         Reflect  .   (no cloak)
rCorr    .         Harm     .   (gloves unavailable)
MR       .....                  (boots unavailable)
Stlth    +.........             g - amulet of regeneration
HPRegen  0.56/turn              d - ring of protection from cold
MPRegen  0.09/turn              (no ring)

@: lethally poisoned (0 -> -3)
A: large, unfitting armour, tough skin 1
a: Berserk, Burn Spellbooks, Renounce Religion


You were on level 2 of the Dungeon.
You worshipped Trog.
Trog was aware of your devotion.
You were hungry.

You visited 1 branch of the dungeon, and saw 2 of its levels.

You collected 150 gold pieces.

Inventory:

Hand Weapons
 a - a +0 mace (weapon)
Armour
 b - a +0 animal skin (worn)
Jewellery
 d - a ring of protection from cold (left hand)
 g - an amulet of regeneration (around neck)
 k - an uncursed amulet of faith
 n - an uncursed amulet of harm {unknown}
 q - a cursed -3 ring of evasion {unknown}
Scrolls
 e - a scroll of fog {unknown}
 j - 3 scrolls of enchant weapon {unknown}
 m - a scroll of enchant armour {unknown}
 o - a scroll of identify {unknown}
 p - 3 scrolls of remove curse {unknown}
 s - a scroll of teleportation {unknown}
Potions
 f - a potion of resistance {unknown}
 h - 2 potions of might {unknown}
 i - 4 potions of curing {unknown}
 l - 2 potions of brilliance {unknown}
 r - 3 potions of lignification {unknown}
Comestibles
 c - 5 rations


   Skills:
 + Level 5.3 Fighting
 + Level 4.0 Maces & Flails
 + Level 2.8 Dodging


You had 3 spell levels left.
You didn't know any spells.

Dungeon Overview and Level Annotations

Branches:
Dungeon (2/15)

Altars:
Trog
Vehumet

Annotations:
D:2 Crazy Yiuf


Innate Abilities, Weirdness & Mutations

You are too large for most types of armour.
You have tough skin. (AC +1)


Message History

You feel sick.
Crazy Yiuf hits you with a quarterstaff of chaos.
Crazy Yiuf waves his quarterstaff at you.
Crazy Yiuf hits you but does no damage.
You hit Crazy Yiuf but do no damage.
Crazy Yiuf is severely wounded.
You feel sick.
Crazy Yiuf hits you with a quarterstaff of chaos!
* * * LOW HITPOINT WARNING * * *
Crazy Yiuf draws strength from your wounds!
You barely miss Crazy Yiuf.
Crazy Yiuf is moderately wounded.
You feel sick. Crazy Yiuf barely misses you.
Crazy Yiuf hits you but does no damage.
You hit Crazy Yiuf but do no damage.
Crazy Yiuf is moderately wounded.
You feel sick.
Crazy Yiuf grits, "Flower light meccalolo!"
Crazy Yiuf hits you with a quarterstaff of chaos.
You die...

########.#.#####...####
.........#.# ##.##
##########.# #.#
...........# ###
############
...........# #####
##########.# #..)# ###
#.g.# #.@.# ##'## ♣♣.♣
♣.♣♣ ♣♣.♣ ♣.♣♣ ♣♣.♣♣
♣...♣ ############
♣...♣♣


You could see Crazy Yiuf.

Vanquished Creatures
  Jessica (D:2)
  An ooze (D:2)
  2 worms (D:2)
  4 dart slugs
  A leopard gecko (D:1)
  7 goblins
  5 hobgoblins
  10 kobolds
  A quokka (D:2)
  A ball python (D:2)
  3 bats
  2 frilled lizards
  10 rats
48 creatures vanquished.

Notes
Turn   | Place    | Note
-------+----------+-------------------------------------------
     0 | D:1      | Lentor the Ogre Berserker began the quest for the Orb.
     0 | D:1      | Reached XP level 1. HP: 24/24 MP: 1/1
    79 | D:1      | Reached XP level 2. HP: 20/33 MP: 2/2
   493 | D:1      | Reached XP level 3. HP: 39/40 MP: 3/3
   857 | D:2      | Found a radiant altar of Vehumet.
   891 | D:2      | Reached skill level 5 in Fighting
  1187 | D:2      | Noticed a moth of wrath
  1190 | D:2      | Found a bloodstained altar of Trog.
  1206 | D:2      | Reached XP level 4. HP: 42/50 MP: 4/4
  1343 | D:2      | Found a runed door.
  1384 | D:2      | Noticed Jessica
  1394 | D:2      | Killed Jessica
  1716 | D:2      | Noticed Crazy Yiuf
  1725 | D:2      | Slain by Crazy Yiuf

Skill      XL: |  1  2  3  4 |
---------------+-------------+-----
Maces & Flails | 3 4 |  4.0
Fighting       | 5 |  5.3
Dodging        | |  2.8

Action                   |  1- 3 |  4- 6 || total
-------------------------+-------+-------++-------
Melee: Mace              |   132 |    28 ||   160
Invok: Berserk           |     1 |       ||     1
  Eat: Chunk             |     2 |     1 ||     3
Armor: Animal skin       |    34 |     6 ||    40
Dodge: Dodged            |    76 |    14 ||    90
